 Dungeon Crawl Stone Soup version 0.21.0-3-g78d12a8 (webtiles) character file.

173 myopia the Archer (level 5, -7/41 HPs)
             Began as a Centaur Hunter on Jan 13, 2018.
             Mangled by Tiamon's ghost (15 damage)
             ... on level 4 of the Dungeon.
             The game lasted 00:05:18 (1850 turns).

myopia the Archer (Centaur Hunter)                  Turns: 1850, Time: 00:05:19

Health: -7/41      AC:  4    Str: 15    XL:     5   Next: 28%
Magic:  5/5        EV:  9    Int: 10    God:
Gold:   192        SH:  0    Dex: 10    Spells: 4/4 levels left

rFire    . . .     SeeInvis .   a - +2 shortbow
rCold    . . .     Gourm    .   (shield currently unavailable)
rNeg     . . .     Faith    .   c - +0 leather armour
rPois    .         Spirit   .   (no helmet)
rElec    .         Reflect  .   (no cloak)
rCorr    .         Harm     .   (no gloves)
MR       .....                  (no barding)
Stlth    +.........             (no amulet)
HPRegen  0.13/turn              (no ring)
MPRegen  0.09/turn              (no ring)

@: berserk cooldown, slowed
A: large, hooves 3, deformed body, speed 2, tough skin 3
a: no special abilities


You were on level 4 of the Dungeon.
You were not hungry.

You visited 1 branch of the dungeon, and saw 4 of its levels.

You collected 192 gold pieces.

Inventory:

Hand Weapons
 a - a +2 shortbow (weapon)
 b - a +0 short sword
 m - a +2 mace of protection
Missiles
 d - 48 arrows (quivered)
Armour
 c - a +0 leather armour (worn)
Jewellery
 e - an uncursed ring of magical power {unknown}
Wands
 t - a wand of polymorph (13)
Scrolls
 i - a scroll of remove curse
Potions
 l - a potion of curing
 n - a potion of berserk rage
 o - a potion of mutation {unknown}
 q - a potion of magic {unknown}
 s - a potion of haste {unknown}
Books
 p - a book of Misfortune

   Spells                             Type                      Level
   a - Confusing Touch                Hexes                        1
   b - Confuse                        Hexes                        3
   c - Gell's Gravitas                Translocation                3
   d - Petrify                        Transmutation/Earth          4
   e - Metabolic Englaciation         Hexes/Ice                    5
   f - Yara's Violent Unravelling     Hexes/Transmutation          5
Comestibles
 f - 8 rations


   Skills:
 - Level 2.0 Fighting
 + Level 8.7 Bows
 - Level 1.3 Dodging
 - Level 0.4 Stealth


You had 4 spell levels left.
You didn't know any spells.

Dungeon Overview and Level Annotations

Branches:
Dungeon (4/15)
 Temple: D:4-7

Altars:
Dithmenos

Annotations:
D:4 Tiamon's ghost, amateur MiFi


Innate Abilities, Weirdness & Mutations

You have hooves in place of feet.
Armour fits poorly on your strangely shaped body.
You cover ground very quickly.
You have extremely tough skin. (AC +3)


Message History

Press: ? - help, Shift-Dir - straight line, f/p - Tiamon's ghost
Aim: Tiamon's ghost (moderately damaged)
You shoot an arrow. The arrow hits Tiamon's ghost!
Tiamon's ghost is heavily damaged.
Tiamon's ghost hits you!
You are too injured to fight recklessly!
You are too injured to fight recklessly!
You are too injured to fight recklessly!
You are too injured to fight recklessly!
You are too injured to fight recklessly!
You are too injured to fight recklessly!
Firing (i - inventory):
d - 49 arrows (quivered)
Press: ? - help, Shift-Dir - straight line, f/p - Tiamon's ghost
Aim: Tiamon's ghost (heavily damaged)
You shoot an arrow. The arrow hits Tiamon's ghost.
Tiamon's ghost is heavily damaged.
Tiamon's ghost hits you.
* * * LOW HITPOINT WARNING * * *
Tiamon's ghost hits you!
You die...

# (# ##'##
##(..##
##(.<..##
##W......#
#@........#
+.........+
#.........#
##.......##
##.....##
.......#
##+##.#


You could see Tiamon's ghost.

Vanquished Creatures
  An orc priest (D:3)
  6 adders
  An ooze (D:3)
  3 worms
  5 dart slugs
  3 orcs (D:3)
  A ball python (D:2)
  5 giant cockroaches
  4 hobgoblins
  10 kobolds
  3 quokkas
  4 bats
  3 frilled lizards
  10 goblins
  9 rats
68 creatures vanquished.

Notes
Turn   | Place    | Note
-------+----------+-------------------------------------------
     0 | D:1      | myopia the Centaur Hunter began the quest for the Orb.
     0 | D:1      | Reached XP level 1. HP: 17/17 MP: 1/1
    88 | D:1      | Reached XP level 2. HP: 10/24 MP: 2/2
    94 | D:1      | Reached skill level 6 in Bows
   372 | D:1      | Reached XP level 3. HP: 28/29 MP: 3/3
   572 | D:2      | Reached skill level 7 in Bows
   784 | D:2      | Reached XP level 4. HP: 24/36 MP: 4/4
  1055 | D:2      | Found a shadowy altar of Dithmenos.
  1187 | D:3      | Reached skill level 8 in Bows
  1390 | D:3      | Reached XP level 5. HP: 41/41 MP: 5/5
  1840 | D:4      | Noticed Tiamon's ghost (amateur MiFi)
  1850 | D:4      | Mangled by Tiamon's ghost

Skill      XL: |  1  2  3  4 |
---------------+-------------+-----
Bows           | 6 7 8 |  8.7
Fighting       | |  2.0
Dodging        | |  1.3
Stealth        | |  0.4

Action                   |  1- 3 |  4- 6 || total
-------------------------+-------+-------++-------
 Fire: Shortbow          |   117 |    91 ||   208
  Use: Scroll            |       |     8 ||     8
       Potion            |       |     1 ||     1
  Eat: Chunk             |       |     1 ||     1
Armor: Leather armour    |     6 |     4 ||    10
Dodge: Dodged            |    18 |    13 ||    31
